APP
JOHNSON CITY CARDINALS @ PRINCETON RAYS
08/02/2099
 
TOP OF THE 1ST
Johnson City Cardinals batting - Pitching for Princeton Rays : RHP Ryan Miller
Pitching: RHP Ryan Miller
Batting: RHB Matt Martone 0-0: Foul Ball, location: 23F
0-1: Ball
1-1: SINGLE (Line Drive, 9S, EV 90.6 MPH)
Batting: LHB Eric Fairweather 0-0: Foul Ball, location: 3FF
0-1: Fly out, F9 (Flyball, 9LMF, EV 111.3 MPH)
Batting: RHB Craig Van Hoose 0-0: Called Strike
0-1: Fielders Choice at 2nd, 4-6 (Groundball, 34S, EV 86.3 MPH)
Batting: RHB Greg Martin 0-0: Swinging Strike
0-1: Foul Ball, location: 9LMF
0-2: Ball
1-2: Ball
2-2: SINGLE (Line Drive, 4D, EV 104.4 MPH)
Craig Van Hoose to second
Batting: RHB David Pray 0-0: Ball
1-0: Called Strike
1-1: Swinging Strike
1-2: Foul Ball, location: 2F
1-2: Strikes out swinging
Top of the 1st over - 0 runs, 2 hits, 0 errors, 2 left on base; Johnson City 0 - Princeton 0
BOTTOM OF THE 1ST
Princeton Rays batting - Pitching for Johnson City Cardinals : LHP John Fields
Pitching: LHP John Fields
Batting: LHB Ian Gordon 0-0: Called Strike
0-1: Foul Ball, location: 3FF
0-2: Ball
1-2: Ball
2-2: SINGLE (Line Drive, 8LS, EV 110.6 MPH)
Batting: RHB John Morgan 0-0: Ball
1-0: Ball
2-0: Called Strike
2-1: Ball
3-1: SINGLE (Line Drive, 7S, EV 93.8 MPH)
Ian Gordon to second
Batting: RHB Daniel Silva 0-0: Called Strike
0-1: Called Strike
0-2: Fly out, F8 (Flyball, 8LXD, EV 85.0 MPH)
Runner from 2nd tags up, SAFE at 3rd, no throw by CF
Batting: RHB Micah Holbert 0-0: Called Strike
0-1: Grounds into double play, 5-4-3 (Groundball, 56S, EV 91.3 MPH)
Bottom of the 1st over - 0 runs, 2 hits, 0 errors, 1 left on base; Johnson City 0 - Princeton 0
TOP OF THE 2ND
Johnson City Cardinals batting - Pitching for Princeton Rays : RHP Ryan Miller
Batting: LHB Amir Hucks 0-0: Ground out U3 (Groundball, 3, EV 86.9 MPH)
Batting: LHB Mike Stone 0-0: Foul Ball, location: 2F
0-1: SINGLE (Groundball, 13S, EV 68.8 MPH) (infield hit)
Batting: RHB Benny Glover 0-0: Ball
1-0: Ball
2-0: Called Strike
2-1: Called Strike
2-2: Strikes out swinging
Batting: RHB Alex Bowman Jr. 0-0: Called Strike
0-1: Ball
1-1: Foul Ball, location: 5FF
1-2: Ball
Wild Pitch!
Mike Stone to second
2-2: Strikes out swinging
Top of the 2nd over - 0 runs, 1 hit, 0 errors, 1 left on base; Johnson City 0 - Princeton 0
BOTTOM OF THE 2ND
Princeton Rays batting - Pitching for Johnson City Cardinals : LHP John Fields
Batting: RHB Barry Ayala 0-0: Swinging Strike
0-1: Swinging Strike
0-2: Strikes out swinging
Batting: RHB Joe Buzard 0-0: Ball
1-0: Ball
2-0: Called Strike
2-1: Single, Error in OF, E7, batter to second base (Line Drive, 78S, EV 95.0 MPH)
Batting: LHB Manny Seay 0-0: Foul Ball, location: 7LSF
0-1: Foul Ball, location: 23F
0-2: Ball
1-2: Strikes out swinging
Batting: RHB Mike Lopez 0-0: Called Strike
0-1: Foul Ball, location: 7LMF
0-2: Foul Ball, location: 3F
0-2: Foul Ball, location: 3F
0-2: Ball
1-2: Ball
2-2: TRIPLE (Line Drive, 78XD, EV 105.0 MPH)
Joe Buzard scores
Batting: LHB Troy Howard 0-0: Foul Ball, location: 23F
0-1: Fly out, F8 (Flyball, 8RD, EV 85.6 MPH)
Bottom of the 2nd over - 1 run, 2 hits, 1 error, 1 left on base; Johnson City 0 - Princeton 1
TOP OF THE 3RD
Johnson City Cardinals batting - Pitching for Princeton Rays : RHP Ryan Miller
Batting: RHB Matt Martone 0-0: Fly out, F4 (Popup, 34, EV 53.1 MPH)
Batting: LHB Eric Fairweather 0-0: Ball
1-0: Ball
2-0: Called Strike
2-1: Ball
3-1: Called Strike
3-2: Ground out 4-3 (Groundball, 4, EV 79.4 MPH)
Batting: RHB Craig Van Hoose 0-0: Ball
1-0: Foul Ball, location: 9LMF
1-1: Foul Ball, location: 2F
1-2: Ground out 6-3 (Groundball, 6, EV 90.6 MPH)
Top of the 3rd over - 0 runs, 0 hits, 0 errors, 0 left on base; Johnson City 0 - Princeton 1
BOTTOM OF THE 3RD
Princeton Rays batting - Pitching for Johnson City Cardinals : LHP John Fields
Batting: LHB Ian Gordon 0-0: Ball
1-0: Ball
2-0: Ground out U3 (Groundball, 3, EV 104.4 MPH)
Batting: RHB John Morgan 0-0: Foul Ball, location: 2F
0-1: Foul Ball, location: 2F
0-2: Foul Ball, location: 3SF
0-2: Ball
1-2: Ball
2-2: Ball
3-2: Fly out, F6 (Popup, 4MS, EV 63.8 MPH)
Batting: RHB Daniel Silva 0-0: Foul Ball, location: 3F
0-1: Ball
1-1: Swinging Strike
1-2: Ball
2-2: Foul Ball, location: 2F
2-2: Ground out 5-3 (Groundball, 15, EV 87.5 MPH)
Bottom of the 3rd over - 0 runs, 0 hits, 0 errors, 0 left on base; Johnson City 0 - Princeton 1
TOP OF THE 4TH
Johnson City Cardinals batting - Pitching for Princeton Rays : RHP Ryan Miller
Batting: RHB Greg Martin 0-0: Ball
1-0: Ball
2-0: Foul Ball, location: 2F
2-1: Ball
3-1: Foul Ball, location: 2F
3-2: Ground out 1-3 (Groundball, 13S, EV 65.6 MPH)
Batting: RHB David Pray 0-0: Foul Ball, location: 2F
0-1: Ball
1-1: Called Strike
1-2: Foul Ball, location: 2F
1-2: Foul Ball, location: 2F
1-2: SINGLE (Line Drive, 34D, EV 98.1 MPH)
Batting: LHB Amir Hucks 0-0: Called Strike
0-1: Ball
1-1: Foul Ball, location: 2F
1-2: Fielders Choice at 2nd, 4-6 (Groundball, 4, EV 88.1 MPH)
Batting: LHB Mike Stone 0-0: Called Strike
0-1: SINGLE (Line Drive, 9S, EV 103.1 MPH)
Amir Hucks to second
Batting: RHB Benny Glover 0-0: Swinging Strike
0-1: Swinging Strike
0-2: Ball
1-2: Strikes out swinging
Top of the 4th over - 0 runs, 2 hits, 0 errors, 2 left on base; Johnson City 0 - Princeton 1
BOTTOM OF THE 4TH
Princeton Rays batting - Pitching for Johnson City Cardinals : LHP John Fields
Batting: RHB Micah Holbert 0-0: Ball
1-0: DOUBLE (Flyball, 78D, EV 96.3 MPH)
Batting: RHB Barry Ayala 0-0: Fly out, F7 (Flyball, 7S, EV 84.4 MPH)
Batting: RHB Joe Buzard 0-0: Ball
1-0: Foul Ball, location: 7LSF
1-1: Fly out, F8 (Flyball, 8RD, EV 87.5 MPH)
Batting: LHB Manny Seay 0-0: Ball
1-0: Called Strike
1-1: Fly out, F6 (Popup, 6D, EV 45.6 MPH)
Bottom of the 4th over - 0 runs, 1 hit, 0 errors, 1 left on base; Johnson City 0 - Princeton 1
TOP OF THE 5TH
Johnson City Cardinals batting - Pitching for Princeton Rays : RHP Ryan Miller
Batting: RHB Alex Bowman Jr. 0-0: Called Strike
0-1: Ball
1-1: Ball
2-1: Swinging Strike
2-2: Strikes out swinging passed ball, reaches first!
Batting: RHB Matt Martone 0-0: Called Strike
0-1: Ground out 5-3 (Groundball, 56S, EV 88.8 MPH)
Alex Bowman Jr. to second
Batting: LHB Eric Fairweather 0-0: Ball
1-0: Ball
2-0: Ground out 4-3 (Groundball, 4, EV 83.1 MPH)
Alex Bowman Jr. to third
Batting: RHB Craig Van Hoose 0-0: Ball
1-0: Ball
2-0: Ball
3-0: Base on Balls
Pitching: RHP Eddy Galvan
Batting: RHB Greg Martin 0-0: Swinging Strike
0-1: Called Strike
0-2: Ball
1-2: Strikes out swinging
Top of the 5th over - 0 runs, 0 hits, 0 errors, 2 left on base; Johnson City 0 - Princeton 1
BOTTOM OF THE 5TH
Princeton Rays batting - Pitching for Johnson City Cardinals : LHP John Fields
Batting: RHB Mike Lopez 0-0: Ball
1-0: Foul Ball, location: 7LMF
1-1: Ground out 4-3 (Groundball, 4, EV 90.6 MPH)
Batting: LHB Troy Howard 0-0: Foul Ball, location: 7LSF
0-1: Fly out, F7 (Flyball, 7S, EV 88.8 MPH)
Batting: LHB Ian Gordon 0-0: SOLO HOME RUN (Flyball, 9LD, EV 99.4 MPH), Distance : 361 ft
Batting: RHB John Morgan 0-0: Ball
1-0: Ball
2-0: Swinging Strike
2-1: Ball
3-1: Base on Balls
Batting: RHB Daniel Silva 0-0: DOUBLE (Flyball, 8RXD, EV 95.0 MPH)
John Morgan to third
Runner from 3rd tries for Home, SAFE, throw by CF to home
Batting: RHB Micah Holbert 0-0: Called Strike
0-1: Ball
1-1: Foul Ball, location: 5SF
1-2: Ball
2-2: Ball
3-2: Fly out, F8 (Flyball, 8RM, EV 88.1 MPH)
Bottom of the 5th over - 2 runs, 2 hits, 0 errors, 1 left on base; Johnson City 0 - Princeton 3
TOP OF THE 6TH
Johnson City Cardinals batting - Pitching for Princeton Rays : RHP Eddy Galvan
Batting: RHB David Pray 0-0: Ball
1-0: Called Strike
1-1: Swinging Strike
1-2: Ball
2-2: Ground out 4-3 (Groundball, 4, EV 104.4 MPH)
Batting: LHB Amir Hucks 0-0: Called Strike
0-1: Ball
1-1: Foul Ball, location: 2F
1-2: Ball
2-2: Ball
3-2: SINGLE (Line Drive, 78S, EV 96.9 MPH)
Batting: LHB Mike Stone 0-0: Called Strike
0-1: Foul Ball, location: 3F
0-2: Strikes out swinging
Batting: RHB Benny Glover 0-0: Swinging Strike
0-1: Ball
1-1: Called Strike
1-2: Ball
2-2: Strikes out swinging
Top of the 6th over - 0 runs, 1 hit, 0 errors, 1 left on base; Johnson City 0 - Princeton 3
BOTTOM OF THE 6TH
Princeton Rays batting - Pitching for Johnson City Cardinals : LHP John Fields
Batting: RHB Barry Ayala 0-0: Fly out, F9 (Flyball, 9D, EV 101.3 MPH)
Batting: RHB Joe Buzard 0-0: Ball
1-0: Called Strike
1-1: Ground out 4-3 (Groundball, 4, EV 101.9 MPH)
Batting: LHB Manny Seay 0-0: Called Strike
0-1: Ball
1-1: Ball
2-1: Called Strike
2-2: Foul Ball, location: 7LMF
2-2: SINGLE (Line Drive, 8RS, EV 95.6 MPH)
Batting: RHB Mike Lopez 0-0: Called Strike
0-1: Foul Ball, location: 2F
0-2: Foul Ball, location: 7LSF
0-2: Ball
1-2: SINGLE (Groundball, 56, EV 86.3 MPH)
Manny Seay to second
Pitching: RHP Netuno Afilhado
Batting: LHB Troy Howard 0-0: Called Strike
0-1: SINGLE (Line Drive, 89S, EV 98.1 MPH)
Manny Seay to third
Mike Lopez to second
Runner from 3rd tries for Home, SAFE, throw by RF to home
Batting: LHB Ian Gordon 0-0: Foul Ball, location: 2F
0-1: Ball
1-1: Ball
2-1: Ball
3-1: Foul Ball, location: 2F
3-2: Hit by Pitch
Mike Lopez to third
Troy Howard to second
Batting: RHB John Morgan 0-0: SINGLE (Groundball, P, EV 80.0 MPH) (infield hit)
Mike Lopez scores
Troy Howard to third
Ian Gordon to second
Batting: RHB Daniel Silva 0-0: Called Strike
0-1: Ball
1-1: Fly out, F3 (Popup, 23F, EV 81.9 MPH)
Bottom of the 6th over - 2 runs, 4 hits, 0 errors, 3 left on base; Johnson City 0 - Princeton 5
TOP OF THE 7TH
Johnson City Cardinals batting - Pitching for Princeton Rays : RHP Eddy Galvan
Pinch Hitting: RHB Miguel Vela 0-0: Foul Ball, location: 3FF
0-1: Ball
1-1: Swinging Strike
1-2: Ball
2-2: Strikes out swinging
Batting: RHB Matt Martone 0-0: Ball
1-0: Swinging Strike
1-1: Called Strike
1-2: Hit by Pitch
Batting: LHB Eric Fairweather 0-0: Ball
1-0: Foul Ball, location: 23F
1-1: Swinging Strike
Matt Martone steals 2nd base
1-2: Strikes out swinging
Pitching: RHP Brock Jeffreys
Batting: RHB Craig Van Hoose 0-0: Called Strike
0-1: Ball
1-1: Swinging Strike
1-2: Foul Ball, location: 9LMF
1-2: Foul Ball, location: 9LDF
1-2: Ball
2-2: SINGLE (Groundball, 6MD, EV 96.3 MPH)
Matt Martone to third
Runner from 3rd tries for Home, SAFE, throw by CF to home
Batting: RHB Greg Martin 0-0: Swinging Strike
0-1: Foul Ball, location: 2F
0-2: Ball
1-2: Strikes out swinging
Top of the 7th over - 1 run, 1 hit, 0 errors, 1 left on base; Johnson City 1 - Princeton 5
BOTTOM OF THE 7TH
Princeton Rays batting - Pitching for Johnson City Cardinals : RHP Netuno Afilhado
Pitching: RHP David Ramos
Now at 1B: Charlton Johnson
Batting: RHB Micah Holbert 0-0: Ball
1-0: Called Strike
1-1: Foul Ball, location: 9LSF
1-2: Strikes out swinging
Batting: RHB Barry Ayala 0-0: Ball
1-0: Ball
2-0: Foul Ball, location: 9LSF
2-1: Called Strike
2-2: Foul Ball, location: 2F
2-2: TRIPLE (Line Drive, 89XD, EV 108.1 MPH)
Batting: RHB Joe Buzard 0-0: Ball
1-0: Ball
2-0: Ball
3-0: Base on Balls
Batting: LHB Manny Seay 0-0: Foul Ball, location: 7LSF
0-1: Ball
1-1: Ball
2-1: Ball
3-1: Swinging Strike
3-2: Strikes out swinging
Batting: RHB Mike Lopez 0-0: Ball
1-0: Swinging Strike
1-1: Called Strike
1-2: Foul Ball, location: 3F
1-2: Strikes out looking
Bottom of the 7th over - 0 runs, 1 hit, 0 errors, 2 left on base; Johnson City 1 - Princeton 5
TOP OF THE 8TH
Johnson City Cardinals batting - Pitching for Princeton Rays : RHP Brock Jeffreys
Pinch Hitting: LHB Jaiden Brown 0-0: Called Strike
0-1: Fly out, F3 (Popup, 23F, EV 89.4 MPH)
Batting: LHB Amir Hucks 0-0: Foul Ball, location: 7LDF
0-1: Foul Ball, location: 7LDF
0-2: Strikes out swinging
Batting: LHB Mike Stone 0-0: Called Strike
0-1: Foul Ball, location: 23F
0-2: Foul Ball, location: 2F
0-2: Foul Ball, location: 5SF
0-2: Ball
1-2: Fly out, F8 (Flyball, 8RXD, EV 111.3 MPH)
Top of the 8th over - 0 runs, 0 hits, 0 errors, 0 left on base; Johnson City 1 - Princeton 5
BOTTOM OF THE 8TH
Princeton Rays batting - Pitching for Johnson City Cardinals : RHP David Ramos
Pitching: RHP Casey Hutten
Now at 1B: Jaiden Brown
Now in CF: Charlton Johnson
Batting: LHB Troy Howard 0-0: Called Strike
0-1: Foul Ball, location: 7LSF
0-2: Fly out, F1 (Popup, P, EV 78.1 MPH)
Batting: LHB Ian Gordon 0-0: Swinging Strike
0-1: Foul Ball, location: 5F
0-2: Ball
1-2: Fly out, F9 (Flyball, 9D, EV 93.8 MPH)
Batting: RHB John Morgan 0-0: Hit by Pitch
Batting: RHB Daniel Silva 0-0: Foul Ball, location: 2RF
0-1: Ball
1-1: Foul Ball, location: 9LMF
1-2: Strikes out swinging
Bottom of the 8th over - 0 runs, 0 hits, 0 errors, 1 left on base; Johnson City 1 - Princeton 5
TOP OF THE 9TH
Johnson City Cardinals batting - Pitching for Princeton Rays : RHP Brock Jeffreys
Pinch Hitting: SHB Jesse Johnson 0-0: Ball
1-0: Called Strike
1-1: Swinging Strike
1-2: Foul Ball, location: 3F
1-2: Strikes out swinging
Batting: RHB Charlton Johnson 0-0: Ball
1-0: Foul Ball, location: 9LMF
1-1: Foul Ball, location: 3F
1-2: Ball
2-2: Fly out, F7 (Flyball, 78M, EV 83.8 MPH)
Batting: RHB Matt Martone 0-0: Swinging Strike
0-1: SINGLE (Line Drive, 56D, EV 100.6 MPH)
Batting: LHB Eric Fairweather 0-0: Ball
1-0: SINGLE (Line Drive, 89M, EV 101.9 MPH)
Matt Martone to second
Pitching: RHP Juan Gerardino
Batting: RHB Craig Van Hoose 0-0: Ball
1-0: Called Strike
1-1: Ground out U3 (Groundball, 3, EV 105.6 MPH)
Top of the 9th over - 0 runs, 2 hits, 0 errors, 2 left on base; Johnson City 1 - Princeton 5
Monday, May 13th , 2024 - OOTP Baseball 24.11 Build 85